 Dungeon Crawl Stone Soup version 0.18-a0-1687-gc97eaad (webtiles) character file.

5070 puppykicker the Spear-Bearer (level 10, -5/83 HPs)
             Began as a Minotaur Warper on Mar 12, 2016.
             Was a Follower of Hepliaklqana.
             Killed by divine providence
             ... invoked by an orc priest
              (14 damage)
             ... on level 8 of the Dungeon.
             The game lasted 00:30:27 (10933 turns).

puppykicker the Spear-Bearer (Minotaur Warper)     Turns: 10933, Time: 00:30:27

Health: -5/83      AC: 16    Str: 17    XL:     10   Next: 31%
Magic:  12/12      EV: 10    Int: 14    God:    Hepliaklqana [*.....]
Gold:   208        SH:  0    Dex: 11    Spells: 6 memorised, 1 level left

rFire  + + .     SeeInvis .     a - +0 halberd
rCold  x . .     Gourm    .     Q - +0 fire dragon armour
rNeg   . . .     Faith    .     (shield currently unavailable)
rPois  +         Spirit   .     (helmet restricted)
rElec  +         Dismiss  .     s - +1 cloak
rCorr  .         Reflect  .     (no gloves)
SustAt .         Harm     .     l - +1 pair of boots of the Komodo Dragon {rElec rPois MR- Int+3}
MR     .....                    (no amulet)
Stlth  ..........               (no ring)
                                P - +3 ring of protection

@: not resistant to hostile enchantments, extremely unstealthy
A: retaliatory headbutt, horns 2
a: Recall Ancestor, Ancestor Identity, Renounce Religion


You were on level 8 of the Dungeon.
You worshipped Hepliaklqana.
Hepliaklqana was aware of your devotion.
You were hungry.

You visited 2 branches of the dungeon, and saw 10 of its levels.

You collected 483 gold pieces.
You spent 275 gold pieces at shops.


Innate Abilities, Weirdness & Mutations

You reflexively headbutt those who attack you in melee.
You have a pair of horns on your head.


   Skills:
 - Level 6.1 Fighting
 * Level 12.1 Polearms
 - Level 5.1 Bows
 - Level 1.0 Throwing
 + Level 2.9 Armour
 + Level 3.0 Dodging
 - Level 2.0 Spellcasting
 - Level 2.0 Charms
 - Level 2.5 Necromancy
 - Level 5.5 Translocations


You had one spell level left.
You knew the following spells:

 Your Spells              Type           Power        Failure   Level  Hunger
a - Portal Projectile     Tloc           ###...       30%         3    ####...
b - Teleport Other        Tloc           ###.....     30%         3    ####...
g - Apportation           Tloc           ###.......   12%         1    ##.....
k - Shroud of Golubria    Chrm/Tloc      ##........   34%         2    ###....
p - Blink                 Tloc           N/A          17%         2    ###....
z - Animate Skeleton      Necr           N/A          34%         1    ##.....

Inventory:

Hand Weapons
 a - a +0 halberd (weapon)
 b - a +0 shortbow
 c - a +1 blowgun
 d - a +0 spear
 t - a +4 rapier of protection
 H - a +3 dagger of electrocution
 K - a +0 glaive
Missiles
 e - 5 tomahawks of dispersal (quivered)
 i - 17 tomahawks
 j - 103 arrows
 o - 7 javelins
 p - 44 bolts
 u - 11 arrows of flame
 w - 24 poisoned needles
 T - 15 arrows of frost
Armour
 l - the +1 pair of boots of the Komodo Dragon (worn) {rElec rPois MR- Int+3}
   (You found it on level 6 of the Dungeon)

   It affects your intelligence (+3).
   It insulates you from electricity.
   It protects you from poison.
   It affects your resistance to hostile enchantments.
 r - a +0 ring mail
 s - a +1 cloak (worn)
 C - a +1 leather armour of positive energy
 J - the +0 pair of boots "Xeashuvi" {rF+}
   (You bought it in a shop on level 6 of the Dungeon)

   It protects you from fire.
 L - a +2 robe of magic resistance
 Q - a +0 fire dragon armour (worn)
Jewellery
 v - an uncursed amulet of dismissal
 P - a +3 ring of protection (left hand)
Wands
 g - a wand of heal wounds (0/9) {!d}
 h - a wand of acid (0/15)
 k - a wand of enslavement (0/24)
 G - a wand of flame (17/48)
 O - a wand of polymorph (18/24)
 U - a wand of polymorph (13/24)
Scrolls
 A - a scroll of remove curse
 B - a scroll of enchant weapon
 E - a scroll of immolation {!r}
 F - a scroll of fear
 N - a scroll of amnesia
 R - 2 scrolls of blinking
Potions
 m - a potion of cure mutation
 q - a potion of brilliance
 z - a potion of flight
 M - 2 potions of berserk rage
Books
 y - a book of Spatial Translocations
 D - a book of Cantrips
Comestibles
 f - 7 bread rations
 n - a slice of pizza
 x - 3 beef jerkies
 I - 3 meat rations

Dungeon Overview and Level Annotations

Branches:
Dungeon (9/15)             Temple (1/1) D:6            Lair (0/8) D:8
    Orc: D:9-12

Altars:
Ashenzari
Cheibriados
Dithmenos
Elyvilon
Gozag
Hepliaklqana
Kikubaaqudgha
Makhleb
Nemelex Xobeh
Okawaru
Pakellas
Qazlal
Ru
Sif Muna
Trog
Ukayaw
Vehumet
Xom
Yredelemnul
The Shining One

Shops:
D:6

[ #?# #.# #.# #.# #.# .#
############# #.# .#
............# #.# .#
#####.......########.#######.###.
....'...........@.o...o....>.....
#####......#.#########..W....###
# #......#..# #.###†.## ##
#......##.## #.# #..####. .#
#......##..#######.# #(.(()oo
#####......#........##.# #..)####
...........#........##.# #..†#
#..........#........##.# #...#
....._..####........##.#......


You could see an orc warrior and an orc priest.


Message History

The phantom is moderately damaged.
The phantom hits you but does no damage.
You closely miss the phantom.
The phantom is moderately damaged.
The phantom barely misses you.
Anaqlkailpeh hits the phantom.
You barely miss the phantom. You headbutt the phantom!
The phantom is severely damaged.
The orc warrior hits you but does no damage.
The phantom blinks!
Anaqlkailpeh hits the phantom!
Attack whom?
Aim: a phantom (almost destroyed)
You reach to attack!
You barely miss the phantom.
The phantom is almost destroyed.
The orc warrior hits you from afar with a trident!
* * * LOW HITPOINT WARNING * * *
Anaqlkailpeh hits the phantom.
The phantom completely misses Anaqlkailpeh.
Anaqlkailpeh barely misses the phantom.
The phantom barely misses Anaqlkailpeh.
Anaqlkailpeh hits the phantom.
The phantom is destroyed!
Your Dodging skill increases to level 3!
Anaqlkailpeh hits the orc!
The orc dies!
Anaqlkailpeh hits the orc priest.
Found a scroll of identify.
Anaqlkailpeh hits the orc priest but does no damage.
The orc priest mumbles some strange prayers to Beogh against you.
Beogh smites you!
You die...

Action                   |  1- 3 |  4- 6 |  7- 9 | 10-12 || total
-------------------------+-------+-------+-------+-------++-------
Melee: Spear             |   156 |   221 |   266 |       ||   643
       Halberd           |       |       |   188 |   122 ||   310
 Fire: Blowgun           |       |    12 |    74 |       ||    86
       Shortbow          |       |       |    17 |       ||    17
 Cast: Shroud of Golubri |       |     1 |     1 |       ||     2
       Blink             |       |       |    14 |       ||    14
       Animate Skeleton  |       |       |     1 |       ||     1
Invok: Recall Ancestor   |       |       |     1 |       ||     1
Evoke: Wand              |       |       |     7 |     4 ||    11
  Use: Scroll            |       |     8 |    12 |       ||    20
       Potion            |       |       |     5 |     1 ||     6
 Stab: Distracted        |       |       |     1 |       ||     1
  Eat: Chunk             |     3 |     8 |    12 |     5 ||    28
       Meat ration       |       |       |     1 |       ||     1

Vault maps used:
D:1:      dpeg_arrival_fog
D:3:      gammafunk_temple_overflow_wave, lemuel_crystal_altar
D:4:      kennysheep_mini_moat, uniq_eustachio
D:5:      gup_sewer_entry_bowl, first_bread, hangedman_ru_absence,
          uniq_prince_ribbit1, uniq_duvessa, uniq_sigmund
D:6:      lemuel_round_altar, minmay_temple_entry_mist, serial_shops, shop,
          nicolae_dithmenos_through_a_glass_darkly, uniq_blork_the_orc,
          uniq_menkaure
D:7:      nemelex_xobeh_ov_fountains_minmay, ashenzari_conservatory_becter,
          yredelemnul_forgotten_temple_becter, trog_ov_bears_minmay,
          nicolae_gozag_cash_rules_everything_around_me
D:8:      old_standard_altar, grunt_temple_overflow_open, basic_altar,
          st_stairs_13
D:9:      david_nohive_1, lemuel_centaur_altar, uniq_maurice
Temple:   nicolae_temple_no_exploring_needed

Notes
Turn   | Place    | Note
--------------------------------------------------------------
     0 | D:1      | puppykicker the Minotaur Warper began the quest for the Orb.
     0 | D:1      | Reached XP level 1. HP: 18/18 MP: 1/1
   206 | D:1      | Reached XP level 2. HP: 18/25 MP: 3/3
   207 | D:1      | Reached skill level 3 in Polearms
   430 | D:1      | Reached skill level 3 in Fighting
   595 | D:1      | Learned a level 2 spell: Blink
   976 | D:2      | Reached XP level 3. HP: 31/31 MP: 4/4
  1458 | D:2      | Reached skill level 4 in Polearms
  1780 | D:3      | Reached XP level 4. HP: 38/38 MP: 5/5
  2076 | D:3      | Found a snail-covered altar of Cheibriados.
  2425 | D:3      | Noticed an ice beast
  2668 | D:3      | Learned a level 2 spell: Shroud of Golubria
  3016 | D:3      | Found an oddly glowing altar of Pakellas.
  3016 | D:3      | Found a hide-covered altar to Ukayaw.
  3069 | D:4      | Reached XP level 5. HP: 41/46 MP: 6/6
  3088 | D:4      | Reached skill level 5 in Polearms
  3088 | D:4      | Reached skill level 2 in Armour
  3385 | D:4      | Noticed an ogre
  3404 | D:4      | Killed an ogre
  3404 | D:4      | Reached skill level 4 in Fighting
  3481 | D:4      | Noticed an orc warrior
  3484 | D:4      | Reached XP level 6. HP: 52/52 MP: 7/7
  3503 | D:4      | Killed an orc warrior
  3503 | D:4      | Reached skill level 3 in Translocations
  3739 | D:4      | Reached skill level 1 in Charms
  3767 | D:4      | Reached skill level 6 in Polearms
  3784 | D:4      | Found a deep blue altar of Sif Muna.
  4236 | D:4      | Learned a level 3 spell: Portal Projectile
  4295 | D:4      | Reached skill level 2 in Spellcasting
  4295 | D:4      | Reached XP level 7. HP: 49/60 MP: 7/9
  4316 | D:4      | Noticed Eustachio
  4356 | D:4      | HP: 6/60 [iron imp[Eustachio] (7)]
  4385 | D:4      | Killed Eustachio
  4385 | D:4      | Reached skill level 5 in Fighting
  4400 | D:4      | Reached skill level 7 in Polearms
  4830 | D:5      | Entered Level 5 of the Dungeon
  4888 | D:5      | Noticed Prince Ribbit
  5166 | D:5      | HP: 5/61 [Prince Ribbit (5)]
  5176 | D:5      | Killed Prince Ribbit
  5176 | D:5      | Reached skill level 2 in Charms
  5176 | D:5      | Reached XP level 8. HP: 30/69 MP: 10/10
  5236 | D:5      | Noticed Sigmund
  5546 | D:5      | Your ally died
  5550 | D:5      | Noticed a centaur
  5563 | D:5      | Killed a centaur
  5563 | D:5      | Reached skill level 8 in Polearms
  5563 | D:5      | Reached skill level 4 in Translocations
  5779 | D:4      | Reached skill level 6 in Fighting
  5999 | D:4      | Learned a level 3 spell: Teleport Other
  6093 | D:5      | Found a sacrificial altar of Ru.
  6207 | D:5      | Reached skill level 1 in Bows
  6512 | D:5      | Reached skill level 9 in Polearms
  6727 | D:5      | Reached skill level 2 in Bows
  6854 | D:5      | Noticed Duvessa
  6856 | D:5      | Noticed Dowan
  6882 | D:5      | Killed Dowan
  6904 | D:5      | Killed Duvessa
  7398 | D:5      | Reached XP level 9. HP: 75/75 MP: 11/11
  7471 | D:5      | Learned a level 1 spell: Animate Skeleton
  7737 | D:6      | Reached skill level 3 in Bows
  7846 | D:6      | Found an opulent altar of Gozag.
  7947 | D:6      | Reached skill level 10 in Polearms
  8167 | D:6      | Found Laeffamm's Antique Armour Emporium.
  8296 | D:6      | Bought a pair of heavily runed boots for 275 gold pieces
  8301 | D:6      | Identified the cursed +0 pair of boots "Xeashuvi" {rF+} (You bought it in a shop on level 6 of the Dungeon)
  8304 | D:6      | Noticed Blork the orc
  8318 | D:6      | Killed Blork the orc
  8318 | D:6      | Reached skill level 1 in Necromancy
  8378 | D:6      | Found a staircase to the Ecumenical Temple.
  8537 | D:6      | Noticed Menkaure
  8537 | D:6      | Got a pair of crude boots
  8543 | Temple   | Entered the Ecumenical Temple
  8550 | Temple   | Became a worshipper of Hepliaklqana
  8568 | Temple   | Identified the +1 pair of boots of the Komodo Dragon {rElec rPois MR- Int+3} (You found it on level 6 of the Dungeon)
  8585 | D:6      | Your ally Anaqlkailpeh died
  8608 | D:6      | Killed Menkaure
  8608 | D:6      | Reached skill level 5 in Translocations
  8948 | D:6      | Found a shadowy altar of Dithmenos.
  9029 | D:7      | Reached skill level 4 in Bows
  9091 | D:7      | Found a bloodstained altar of Trog.
  9099 | D:7      | Found a sparkling altar of Nemelex Xobeh.
  9122 | D:7      | You fall through a shaft for 2 floors!
  9177 | D:8      | Your ally Anaqlkailpeh died
  9184 | D:8      | Reached skill level 11 in Polearms
  9280 | D:8      | Your ally Anaqlkailpeh died
  9295 | D:8      | Reached skill level 2 in Necromancy
  9368 | D:8      | Found a sacrificial altar of Ru.
  9415 | D:8      | Found a radiant altar of Vehumet.
  9422 | D:8      | Your ally Anaqlkailpeh died
  9429 | D:8      | Identified a scroll of acquirement
  9430 | D:8      | Identified a wand of heal wounds (You acquired it on level 8 of the Dungeon)
  9476 | D:8      | HP: 6/75 [/a scroll of torment (4)]
  9476 | D:8      | Reached skill level 5 in Bows
  9476 | D:8      | Reached XP level 10. HP: 6/83 MP: 0/12
  9477 | D:8      | HP: 2/83 [poisoned by a killer bee]
  9879 | D:8      | Found a staircase to the Lair.
  9943 | D:7      | Found a shattered altar of Ashenzari.
  9944 | D:7      | Reached * piety under Hepliaklqana
 10197 | D:7      | Found an opulent altar of Gozag.
 10243 | D:7      | Identified a +0 fire dragon armour (You found it on level 7 of the Dungeon)
 10257 | D:7      | Found a basalt altar of Yredelemnul.
 10393 | D:7      | Noticed useraccount's ghost (novice VSFi)
 10413 | D:7      | Killed useraccount's ghost
 10892 | D:8      | Reached skill level 12 in Polearms
 10924 | D:8      | HP: 7/83 [orc warrior/trident (12)]
 10926 | D:8      | Reached skill level 3 in Dodging
 10933 | D:8      | Killed from afar by an orc priest

Vanquished Creatures
  The ghost of useraccount the Cutter, a novice VSFi of Hepliaklqana (D:7)
  Prince Ribbit (D:5)
  A two-headed ogre (D:8)
  4 centaurs
  Eustachio (D:4)
  Menkaure (D:6)
  Duvessa (D:5)
  A sky beast (D:7)
  5 orc warriors
  2 ice beasts (D:6)
  2 black bears
  2 phantoms
  3 ogres
  A big kobold (D:8)
  Blork the orc (D:6)
  A giant frog (D:6)
  A wyvern zombie (D:6)
  3 scorpions
  Dowan (D:5)
  6 killer bees (D:8)
  A crimson imp (D:4)
  3 jellies
  3 orc priests (D:4)
  A giant frog skeleton (D:7)
  6 orc wizards
  2 hounds
  A centaur skeleton (D:4)
  An iguana (D:6)
  7 worker ants
  A hound zombie (D:5)
  A worker ant zombie (D:5)
  4 gnolls (D:5)
  14 adders
  2 shadow imps
  An adder zombie (D:6)
  3 adder skeletons
  4 worms
  3 dart slugs
  4 giant geckos
  37 orcs
  2 ball pythons (D:2)
  10 giant cockroaches
  6 goblins
  6 hobgoblins
  16 jackals
  16 kobolds
  7 quokkas
  7 bats
  A giant gecko skeleton (D:4)
  6 giant newts
  11 rats
  A spectral orc (D:7)
227 creatures vanquished.

Vanquished Creatures (collateral kills)
  A black bear (D:7)
  A phantom (D:8)
  2 sky beasts (D:8)
  An ogre (D:7)
  A giant frog (D:7)
  A hound (D:8)
  An orc wizard (D:6)
  A worker ant (D:7)
  A worker ant zombie (D:8)
  2 adders
  4 orcs
16 creatures vanquished.

Vanquished Creatures (others)
  Sigmund (D:5)
  4 ancestors
5 creatures vanquished.

Grand Total: 248 creatures vanquished
